 Dungeon Crawl Stone Soup version 0.19.1 (webtiles) character file.

54 Malachi the Chopper (level 3, 0/30 HPs)
             Began as a Ghoul Gladiator on Nov 28, 2016.
             Slain by Grinder (9 damage)
             ... on level 3 of the Dungeon.
             The game lasted 00:01:46 (1063 turns).

Malachi the Chopper (Ghoul Gladiator)               Turns: 1063, Time: 00:01:47

Health: 0/30       AC:  7    Str: 24    XL:     3   Next: 91%
Magic:  2/2        EV: 12    Int:  3    God:
Gold:   103        SH:  0    Dex:  9    Spells: 0 memorised, 2 levels left

rFire  . . .     SeeInvis .     a - +0 war axe
rCold  + . .     Gourm    .     n - +0 ring mail
rNeg   + + +     Faith    .     (no shield)
rPois  ∞         Spirit   .     c - +0 helmet
rElec  .         Reflect  .     q - +0 cloak (curse)
rCorr  +         Harm     .     (no gloves)
MR     .....                    (no boots)
Stlth  ..........               (no amulet)
                                (no ring)
                                i - ring of resist corrosion

@: mighty, rotting
A: rotting body, claws 1, carnivore 3, cold resistance 1, negative energy
resistance 3, slow regeneration 1, torment resistance, unbreathing
a: no special abilities


You were on level 3 of the Dungeon.
You were not hungry.

You visited 1 branch of the dungeon, and saw 3 of its levels.

You collected 103 gold pieces.

Inventory:

Hand Weapons
 a - a +0 war axe (weapon)
Missiles
 d - 3 throwing nets (quivered)
Armour
 c - a +0 helmet (worn)
 n - a +0 ring mail (worn)
 q - a cursed +0 cloak (worn)
Jewellery
 i - a ring of resist corrosion (left claw)
Scrolls
 e - a scroll of amnesia {unknown}
 g - a scroll of enchant armour {unknown}
 h - a scroll of recharging {unknown}
 j - a scroll of immolation {unknown}
 k - a scroll of noise {unknown}
 l - a scroll of blinking {unknown}
 s - a scroll of remove curse {unknown}
Potions
 o - a potion of agility {unknown}
 p - a potion of cure mutation {unknown}
 r - a potion of berserk rage {unknown}
Comestibles
 b - 5 chunks of flesh
 f - a meat ration


   Skills:
 + Level 2.6 Fighting
 + Level 3.4 Axes
 + Level 1.8 Throwing
 + Level 1.0 Armour
 + Level 3.0 Dodging


You had 2 spell levels left.
You didn't know any spells.

Dungeon Overview and Level Annotations

Branches:
Dungeon (3/15)

Altars:
Vehumet

Annotations:
D:3 Grinder


Innate Abilities, Weirdness & Mutations

Your body is rotting away.
You thrive on raw meat.
You are immune to poison.
You have sharp fingernails.
You are carnivorous and can eat meat at any time.
Your flesh is cold resistant. (rC+)
You are immune to negative energy. (rN+++)
You regenerate slowly when monsters are visible.
You are immune to unholy pain and torment.
You can survive without breathing.


Message History

You barely miss Grinder. Grinder misses you. Grinder hits you.
You hit Grinder but do no damage. Grinder hits you.
You closely miss Grinder. Grinder hits you.
You hit Grinder.
Grinder is lightly wounded.
Grinder gestures at you.
You are unaffected.
Grinder hits you!
* * * LOW HITPOINT WARNING * * *
It was a potion of might.
You feel very mighty all of a sudden. Grinder barely misses you.
Eat one of 6 chunks of flesh? (ye/n/q)
You start eating one of the 6 chunks of flesh.
Grinder hits you.
* * * LOW HITPOINT WARNING * * *
This raw flesh tastes great!
Eat one of 5 chunks of flesh? (ye/n/q)
You start eating one of the 5 chunks of flesh.
Grinder hits you!
You die...

......# ..<.# .## ÷...#
#... ....##. ..#
###.(..##.# #######
#..#####.# ##.....##.
##.## ##.# ##........[
...#####..####..........
...##....)......@5......
......########..........
.#...## #..........
....## #.......... ###.#
#.......... #..
##......... ##.#
##.....##. .# ####### .#


You could see Grinder.

Vanquished Creatures
  3 adders (D:2)
  An ooze (D:1)
  A leopard gecko (D:2)
  A giant cockroach (D:2)
  4 hobgoblins
  A quokka (D:3)
  2 bats
  A frilled lizard (D:1)
  7 kobolds
  2 rats
23 creatures vanquished.

Vanquished Creatures (others)
  4 toadstools (D:1)
4 creatures vanquished.

Grand Total: 27 creatures vanquished

Notes
Turn   | Place    | Note
-------+----------+-------------------------------------------
     0 | D:1      | Malachi the Ghoul Gladiator began the quest for the Orb.
     0 | D:1      | Reached XP level 1. HP: 17/17 MP: 0/0
   224 | D:1      | Reached XP level 2. HP: 20/25 MP: 1/1
   672 | D:2      | Reached XP level 3. HP: 22/30 MP: 2/2
   898 | D:2      | Reached skill level 1 in Armour
   900 | D:2      | Found a radiant altar of Vehumet.
  1052 | D:3      | Noticed Grinder
  1063 | D:3      | Slain by Grinder

Skill      XL: |  1  2  3 |
---------------+----------+-----
Dodging        | 3 |  3.0
Axes           | 3 |  3.4
Armour         | 1 |  1.0
Fighting       | |  2.6
Throwing       | |  1.8

Action                   || total
-------------------------++-------
Melee: War axe           ||    88
  Use: Potion            ||     1
  Eat: Chunk             ||    11
Armor: Leather armour    ||    12
       Ring mail         ||    29
Dodge: Dodged            ||    77
